 Dungeon Crawl Stone Soup version 0.28.0-43-g3370ac3207 (webtiles) character file.

Game seed: 10293978548446246761

51 xaos the Digger (level 3, 0/28 HPs)
             Began as a Deep Dwarf Earth Elementalist on Feb 20, 2022.
             Slain by a gnoll
             ... wielding a +0 halberd
              (5 damage)
             ... on level 3 of the Dungeon on Mar 21, 2022.
             The game lasted 00:24:24 (4074 turns).

xaos the Digger (Deep Dwarf Earth Elementalist)     Turns: 4074, Time: 00:24:24

Health: 0/28       AC:  3    Str: 11    XL:     3   Next: 58%
Magic:  5/5        EV: 12    Int: 23    God:
Gold:   94         SH:  0    Dex: 13    Spells: 6/7 levels left

rFire   . . .      SeeInvis .   a - +4 short sword
rCold   . . .      Faith    .   (no shield)
rNeg    . . .      Spirit   .   g - +0 leather armour
rPois   .          Reflect  .   (no helmet)
rElec   .          Harm     .   (no cloak)
rCorr   .          Rampage  .   (no gloves)
Will    .....                   (no boots)
Stlth   ++........              (no amulet)
HPRegen 0.00/turn               d - +6 ring of intelligence
MPRegen 0.09/turn               (no ring)

@: no status effects
A: damage resistance, heal wounds, sense surroundings 1, no regeneration
a: Heal Wounds


You were on level 3 of the Dungeon.
You visited 1 branch of the dungeon, and saw 3 of its levels.

You collected 94 gold pieces.

Inventory:

Hand Weapons
 a - a +4 short sword (weapon)
 e - a +0 rapier
 f - a +0 hunting sling
 l - a +0 dagger
 m - a +0 mace
Missiles
 c - 123 stones
 h - 10 bolts
 i - 41 arrows
Armour
 b - a +0 robe
 g - a +0 leather armour (worn)
Jewellery
 d - a +6 ring of intelligence (left hand)
Scrolls
 j - a scroll of identify {unknown}
 k - a scroll of noise {unknown}


   Skills:
 - Level 0.2 Short Blades
 + Level 0.3 Axes
 + Level 0.2 Staves
 - Level 0.4 Armour
 - Level 2.3 Dodging
 - Level 2.5 Stealth
 - Level 2.5 Spellcasting
 + Level 0.8 Transmutations
 + Level 0.1 Fire Magic
 - Level 4.8 Earth Magic
 + Level 0.1 Invocations
 + Level 0.1 Evocations


You had 6 spell levels left.
You knew the following spells:

 Your Spells              Type           Power      Damage    Failure   Level
a - Sandblast             Erth           50%        2d12      2%          1

Your spell library contained the following spells:

 Spells                   Type           Power      Damage    Failure   Level
 Passwall                 Tmut/Erth      13%        N/A       8%          2
 Stone Arrow              Conj/Erth      28%        3d8       19%         3
 Ensorcelled Hibernation  Hex/Ice        4%         N/A       24%         2
 Spider Form              Tmut/Pois      4%         N/A       38%         3
 Petrify                  Tmut/Erth      16%        N/A       45%         4
 Anguish                  Hex/Necr       1%         N/A       85%         4


Dungeon Overview and Level Annotations

Branches:
Dungeon (3/15)

Altars:


Innate Abilities, Weirdness & Mutations

You are resistant to damage.
You can heal yourself by infusing magical energy.
You passively map a small area around you.
You do not regenerate.


Message History

You hit the ball python.
You kill the ball python!
Found a hunting sling.
You see here a +0 hunting sling.
f - a +0 hunting sling You open the door.
There is an open door here.
Found 16 gold pieces.
You now have 94 gold pieces (gained 16).
There is a stone staircase leading down here.
You climb downwards.
Found five items.
Found a stone staircase leading down.
There is a stone staircase leading up here.
A gnoll comes into view. It is wielding a +0 halberd.
The helpless bat fails to defend itself.
You hit the bat.
You kill the bat!
The gnoll shouts!
You hear a shout!
The dart slug closely misses you.
You puncture the dart slug!
The dart slug is almost dead.
The dart slug barely misses you.
A gnoll comes into view. It is wielding a +0 halberd.
You hit the dart slug.
You kill the dart slug!
The gnoll throws a throwing net.
The throwing net hits you.
You become entangled in the net!
You struggle against the net.
The gnoll hits you from afar with a +0 halberd!
You struggle against the net.
The gnoll hits you from afar with a +0 halberd!
A giant cockroach comes into view.
You rip the net and break free!
A gnoll comes into view. It is wielding a +0 halberd.
The gnoll barely misses you. The gnoll closely misses you. x2
You hit the gnoll but do no damage. The gnoll hits you with a +0 halberd!
* * * LOW HITPOINT WARNING * * *
The gnoll hits you from afar with a +0 halberd.
You die...

.............#
*#.#...(......# ,
#......$.....#*,. *
#....:.......#,.. ,
.#.#.......!..#...
................#
................##
, #.............:..
, #.#...@..<..>....
*
_...$..g.....#.....
#.....g.....#* ##.
.....gB.....# ,*,
......#######* ,
...... , .....# * ,
..... , , , * ...


You could see 3 gnolls and a giant cockroach.

Vanquished Creatures
  3 adders (D:2)
  2 dart slugs
  7 bats
  A goblin (D:1)
  3 kobolds (D:1)
  4 ball pythons
  5 frilled lizards
25 creatures vanquished.

Notes
Turn   | Place    | Note
-------+----------+-------------------------------------------
     0 | D:1      | xaos the Deep Dwarf Earth Elementalist began the quest for
                  | the Orb.
     0 | D:1      | Reached XP level 1. HP: 15/15 MP: 3/3
   179 | D:1      | Upgraded the game from 0.28.0-1-gb440e238dd to
                  | 0.28.0-43-g3370ac3207
   400 | D:2      | Reached XP level 2. HP: 20/22 MP: 5/5
  1734 | D:2      | Reached XP level 3. HP: 26/28 MP: 6/6
  3482 | D:1      | Found a faded altar of an unknown god.
  4074 | D:3      | Slain by a gnoll

Illustrated notes

Levels and vault maps discovered:
D:1:      dpeg_arrival_round_c, layout_basic, shapermc_ecumenical_altar_pompeii,
          minmay_close_crescents
D:2:      layout_basic, nicolae_concentric_dashed_squares_wild
D:3:      layout_rooms, lemuel_crystal_altar, serial_rivers,
          chequers_serial_rivers_micro_a, chequers_serial_rivers_micro_d,
          chequers_serial_rivers_micro_e, chequers_serial_rivers_micro_d,
          chequers_serial_rivers_micro_d, st_stairs_8

Skill      XL: |  1 |
---------------+----+-----
Spellcasting   | 2 |  2.5
Short Blades   | |  0.2
Axes           | |  0.3
Staves         | |  0.2
Armour         | |  0.4
Dodging        | |  2.3
Stealth        | |  2.5
Transmutations | |  0.8
Fire Magic     | |  0.1
Earth Magic    | |  4.8
Invocations    | |  0.1
Evocations     | |  0.1

Action                   || total
-------------------------++-------
Melee: Short sword       ||    68
 Cast: Sandblast         ||     2
 Abil: Heal Wounds       ||     2
  Use: Scroll            ||     1
 Stab: Sleeping          ||     4
Armor: Robe              ||     9
       Leather armour    ||    16
Dodge: Dodged            ||    64
